 Dungeon Crawl Stone Soup version 0.29-a0-323-g050149a (webtiles) character file.

Game seed: 17051922258339360832

72 Nithhogg the Skirmisher (level 4, -1/41 HPs)
             Began as a Hill Orc Fighter on Apr 11, 2022.
             Slain by a sky beast (2 damage)
             ... on level 3 of the Dungeon.
             The game lasted 00:03:24 (1707 turns).

Nithhogg the Skirmisher (Hill Orc Fighter)          Turns: 1707, Time: 00:03:24

Health: -1/41      AC:  8    Str: 20    XL:     4   Next: 26%
Magic:  4/4        EV: 10    Int:  8    God:
Gold:   122        SH:  0    Dex: 10    Spells: 3/3 levels left

rFire   + . .      SeeInvis .   a - +0 war axe
rCold   + . .      Faith    .   (no shield)
rNeg    . . .      Spirit   .   b - +1 scale mail
rPois   +          Reflect  .   (no helmet)
rElec   +          Harm     .   (no cloak)
rCorr   +          Rampage  .   (no gloves)
Will    .....                   (no boots)
Stlth   ..........              (no amulet)
HPRegen 0.13/turn               (no ring)
MPRegen 0.09/turn               (no ring)

@: lethally poisoned (-1 -> -5), resistant
A: no striking features
a: no special abilities


You were on level 3 of the Dungeon.
You visited 1 branch of the dungeon, and saw 3 of its levels.

You collected 122 gold pieces.

Inventory:

Hand Weapons
 a - a +0 war axe (weapon)
Armour
 b - a +1 scale mail (worn)
 c - a +0 buckler
Scrolls
 e - 2 scrolls of identify {unknown}
 f - 2 scrolls of vulnerability
 h - a scroll of fear {unknown}
 o - a scroll of silence {unknown}
Potions
 d - 2 potions of might
 g - a potion of heal wounds {unknown}
 i - a potion of flight {unknown}
 j - 3 potions of resistance
 k - 2 potions of lignification {unknown}
 l - a potion of invisibility {unknown}
 m - a potion of attraction {unknown}
 n - a potion of haste {unknown}


   Skills:
 + Level 4.3 Fighting
 + Level 3.7 Axes
 + Level 3.8 Armour
 + Level 1.3 Dodging
 - Level 3.2 Shields


You had 3 spell levels left.
You didn't know any spells.
Your spell library contained the following spells:

 Spells                   Type           Power      Damage    Failure   Level
 Beastly Appendage        Tmut           0%         N/A       77%         1
 Blink                    Tloc           0%         N/A       88%         2
 Wereblood                Tmut           0%         N/A       88%         2
 Lesser Beckoning         Tloc           0%         N/A       98%         3
 Spider Form              Tmut/Pois      0%         N/A       98%         3
 Manifold Assault         Tloc           0%         N/A       100%        5
 Malign Gateway           Summ/Tloc      0%         N/A       100%        7
 Summon Horrible Things   Summ           0%         N/A       100%        8


Dungeon Overview and Level Annotations

Branches:
Dungeon (3/15)

Altars:

Shops:
D:2 [:[


Message History

A sky beast appears from thin air!
Reactivating autopickup.
The sky beast barely misses you. The sky beast hits you.
The sky beast shocks you. The orc hits you but does no damage.
You are more poisoned.
You hit the orc but do no damage.
The orc is severely wounded.
You closely miss the sky beast.
You feel very sick.
The sky beast flickers out of sight!
Deactivating autopickup; reactivate with Ctrl-A.
Something hits you but does no damage. The orc hits you but does no damage.
You are more poisoned.
You slash the orc!
You kill the orc!
You closely miss something.
You feel very sick. Something hits you but does no damage.
You miss something.
You feel very sick.
Something hits you but does no damage. x2
You barely miss something.
You feel very sick. Something hits you.
* * * LOW HITPOINT WARNING * * *
Something shocks you.
* * * LOW HITPOINT WARNING * * *
You miss something.
* * * LOW HITPOINT WARNING * * *
You feel very sick.
A sky beast appears from thin air!
Reactivating autopickup.
The sky beast barely misses you.
It was a potion of resistance.
You feel protected.
* * * LOW HITPOINT WARNING * * *
You feel sick. The sky beast hits you.
* * * LOW HITPOINT WARNING * * *
The sky beast shocks you. You resist.
You die...

##.#.####.########
#.................
##....############
##...# #...#
#######...#
.....$....#
######....###
#$#@...# #.Y)##.#
###.# ..# #.. #.#
#.. .. #..# #...
...#


You could see a sky beast.

Vanquished Creatures
  2 adders (D:2)
  2 worms (D:2)
  A dart slug (D:1)
  5 orcs (D:3)
  6 endoplasms
  A giant cockroach (D:2)
  5 goblins
  6 hobgoblins
  2 kobolds
  2 ball pythons
  5 bats
  2 frilled lizards
  2 rats
41 creatures vanquished.

Notes
Turn   | Place    | Note
-------+----------+-------------------------------------------
     0 | D:1      | Nithhogg the Hill Orc Fighter began the quest for the Orb.
     0 | D:1      | Reached XP level 1. HP: 19/19 MP: 1/1
   169 | D:1      | Reached XP level 2. HP: 27/27 MP: 2/2
   284 | D:1      | Found a faded altar of an unknown god.
   504 | D:1      | Reached skill level 4 in Fighting
   592 | D:2      | Reached XP level 3. HP: 26/33 MP: 3/3
   713 | D:2      | Reached skill level 1 in Dodging
   771 | D:2      | Found Wejo Byu's Armour Shoppe.
   797 | D:2      | Found Fakecu Mun's Book Emporium.
  1066 | D:2      | Found Hycoej's Antique Armour Shop.
  1366 | D:2      | Reached XP level 4. HP: 40/40 MP: 4/4
  1694 | D:3      | Noticed a sky beast
  1707 | D:3      | HP: 2/41 [poisoned by an orc]
  1707 | D:3      | Slain by a sky beast

Illustrated notes

Levels and vault maps discovered:
D:1:      dreamdust_arrival_beginning_and_end, layout_rooms,
          shapermc_ecumenical_altar_mp_highgroup
D:2:      layout_loops_cross, serial_shops,
          nicolae_shop_temple_entry_statues_fountains, shop_statue,
          nicolae_shop_advertising_works [nicolae_subvault_shop_adworks],
          minmay_split_cup_small
D:3:      layout_loops_ring, mainiacjoe_overflow_24_doors, portal_sewer_entry_d,
          serial_bayou_ford_a

Skill      XL: |  1  2  3 |
---------------+----------+-----
Axes           | 3 |  3.7
Fighting       | 4 |  4.3
Dodging        | 1 |  1.3
Armour         | |  3.8
Shields        | |  3.2

Action                   |  1- 3 |  4- 6 || total
-------------------------+-------+-------++-------
Melee: War axe           |    76 |    20 ||    96
       Punch             |     1 |       ||     1
  Use: Scroll            |     4 |       ||     4
       Potion            |       |     1 ||     1
Armor: Scale mail        |    49 |    17 ||    66
Dodge: Dodged            |    38 |     8 ||    46
Block: Buckler           |     5 |       ||     5

Table legend: (Time is in decaauts)
 A = Elapsed time spent in this place.
 B = Non-inter-level travel time spent in this place.
 C = Inter-level travel time spent in this place.
 D = Time resting spent in this place.
 E = Time spent auto-exploring this place.
 F = Levels seen in this place.
 G = Mean time per level.
                   A        B        C        D        E       F      G
               +--------+--------+--------+--------+--------+-----+--------+
         Total |   1739 |   1685 |     54 |      0 |   1418 |   3 |  579.7 |
       Dungeon |   1739 |   1685 |     54 |      0 |   1418 |   3 |  579.7 |
               +--------+--------+--------+--------+--------+-----+--------+

Top non-repeatable levels by time:
     D:2: 1036 daAuts
     D:1: 594 daAuts
     D:3: 108 daAuts
